[Event "FIDE World Rapid-ch Open 2018"]
[White "Shubin, Kirill"]
[Black "Zakhartsov, Vladimir"]
[Site "St. Petersburg"]
[Round "11.95"]
[Annotator "ChessBase"]
[Result "1-0"]
[Date "2018.12.28"]
[WhiteElo "2334"]
[BlackElo "2486"]
[PlyCount "181"]
[TimeControl "900+10"]

1. e4 c5 2. Nf3 d6 3. d4 Nf6 4. Nc3 cxd4 5. Nxd4 a6 6. Be3 e6 7. g4 b5 8. Bg2 Bb7 9. a3 Nfd7 10. g5 Nb6 11. h4 Be7 12. Qg4 Nc4 13. Bc1 Qb6 14. Nde2 Nd7 15. h5 Rf8 16. b3 Nce5 17. Qg3 Rc8 18. f4 Nc6 19. Be3 Qa5 20. 0-0 g6 21. f5 Nce5 22. b4 Qc7 23. fxe6 fxe6 24. Bh3 Qc4 25. Bd4 Rg8 26. h6 Nf7 27. Be3 Nfe5 28. Rf2 Rf8 29. Raf1 Rxf2 30. Rxf2 Bxe4 31. Rf4 Nf3+ 32. Rxf3 Bxf3 33. Qxf3 Ne5 34. Qg2 Nf7 35. Ne4 Qxc2 36. Bxe6 Qd1+ 37. Qf1 Qxf1+ 38. Kxf1 Rc2 39. Bxf7+ Kxf7 40. N4c3 d5 41. Nxd5 Bd6 42. Nf6 Ra2 43. Nxh7 Rxa3 44. Kf2 Bxb4 45. Bd4 Rh3 46. Nf6 Bf8 47. Ng4 Rh5 48. Bf6 Kg8 49. Nf4 Rh1 50. Nxg6 Bc5+ 51. Ke2 Rg1 52. N6e5 Rh1 53. g6 Bf8 54. h7+ Rxh7 55. gxh7+ Kxh7 56. Bd8 Bb4 57. Kd3 Kg8 58. Kd4 Kf8 59. Kd5 Ke8 60. Bb6 a5 61. Nc6 Be1 62. Nxa5 Kf7 63. Nb3 b4 64. Ne5+ Kg7 65. Nd3 Bc3 66. Bc5 Kf6 67. Nxb4 Bxb4 68. Bxb4 Kf5 69. Bd2 Kg4 70. Nd4 Kg3 71. Ke4 Kf2 72. Kf4 Kg2 73. Nf5 Kf2 74. Ng3 Kg2 75. Ne4 Kf1 76. Kf3 Kg1 77. Nf2 Kh2 78. Bf4+ Kg1 79. Be5 Kf1 80. Bh2 Ke1 81. Ne4 Kd1 82. Ke3 Kc2 83. Nd2 Kc3 84. Bd6 Kc2 85. Be5 Kd1 86. Kd3 Ke1 87. Bg3+ Kd1 88. Bf2 Kc1 89. Nc4 Kd1 90. Nb2+ Kc1 91. Kc3 1-0

[Event "FIDE World Rapid-ch Open 2018"]
[White "Pogosyan, Stefan"]
[Black "Masrahi, Abdulrahman A"]
[Site "St. Petersburg"]
[Round "11.96"]
[Annotator "NA"]
[Result "1-0"]
[Date "2018.12.28"]
[WhiteElo "2365"]
[BlackElo "1903"]
[PlyCount "51"]
[TimeControl "900+10"]

1. d4 d5 2. c4 c6 3. Nf3 Nf6 4. Nbd2 Bf5 5. Nh4 Bg4 6. h3 Bh5 7. g4 Bg6 8. Nxg6 hxg6 9. Bg2 e6 10. Qb3 Qb6 11. Qxb6 axb6 12. e4 dxe4 13. Nxe4 Nbd7 14. Nc3 Bb4 15. Bd2 e5 16. d5 Bxc3 17. Bxc3 c5 18. a4 Ke7 19. d6+ Kxd6 20. Bxb7 Ra7 21. Bg2 Rd8 22. b3 Ke6 23. 0-0-0 Rc7 24. f4 Rcc8 25. Rhe1 Rb8 26. Bxe5 {[%emt 0:0:17]
 Kd5} 1-0

[Event "FIDE World Rapid-ch Open 2018"]
[White "Gurvich, Vitaly"]
[Black "Dubrovin, Robert"]
[Site "St. Petersburg"]
[Round "11.97"]
[Annotator "NA"]
[Result "1-0"]
[Date "2018.12.28"]
[WhiteElo "2270"]
[BlackElo "2220"]
[PlyCount "77"]
[TimeControl "900+10"]

1. d4 Nf6 2. c4 g6 3. Nc3 Bg7 4. e4 d6 5. Nf3 0-0 6. Be2 e5 7. d5 Nbd7 8. Bg5 h6 9. Bh4 g5 10. Bg3 Nh5 11. 0-0 a5 12. Nd2 Nf4 13. Bg4 Nc5 14. f3 c6 15. Kh1 Qb6 16. Qc2 h5 17. Bf5 Ncd3 18. Bxf4 Nxf4 19. g3 Ng6 20. Na4 Qc7 21. Rac1 Ne7 22. Qd3 Bh6 23. g4 f6 24. Qe3 c5 25. Nc3 Kg7 26. a3 Ng6 27. b4 axb4 28. axb4 b6 29. Nb5 Qe7 30. bxc5 bxc5 31. Ra1 Bd7 32. Ra3 Rxa3 33. Qxa3 Bxb5 34. cxb5 Qb7 35. Qa6 Qe7 36. Nc4 Rd8 37. b6 Nh4 38. Qa7 Kf8 39. Be6 1-0

[Event "FIDE World Rapid-ch Open 2018"]
[White "Guimaraes, Diogo Duarte"]
[Black "Perdomo, Carlos Andres"]
[Site "St. Petersburg"]
[Round "11.98"]
[Annotator "NA"]
[Result "0-1"]
[Date "2018.12.28"]
[WhiteElo "2278"]
[BlackElo "2301"]
[PlyCount "162"]
[TimeControl "900+10"]

1. e4 c5 2. Nf3 e6 3. g3 b6 4. Bg2 Bb7 5. d3 Nf6 6. 0-0 d5 7. Nc3 dxe4 8. Ng5 Nc6 9. Ngxe4 Be7 10. Bf4 0-0 11. Re1 Nxe4 12. Bxe4 Qd7 13. Rc1 Rad8 14. Be3 Bf6 15. Qf3 Bxc3 16. bxc3 Ne5 17. Qh1 Bxe4 18. Qxe4 Ng6 19. Bg5 f6 20. Bd2 e5 21. f4 exf4 22. Bxf4 Kh8 23. Qe6 Qa4 24. Re4 Qb5 25. Qb3 Qc6 26. Rce1 Rd5 27. Re6 Qd7 28. R6e4 Rf5 29. Qc4 h5 30. Re6 h4 31. Qe4 Qd5 32. Bd6 Rd8 33. c4 Qxe4 34. R1xe4 hxg3 35. hxg3 Kh7 36. Kg2 Rg5 37. Kf3 Rh5 38. Kg2 Rg5 39. a4 Rd7 40. Bb8 Kg8 41. Re8+ Kf7 42. Rc8 Rh5 43. Rc7 Rxc7 44. Bxc7 Rh8 45. a5 bxa5 46. Bxa5 Rb8 47. Bc3 Rb1 48. d4 Rc1 49. Re2 cxd4 50. Bxd4 a5 51. c3 Ne7 52. Rb2 Nc6 53. Rb7+ Kg6 54. c5 a4 55. Rb6 Nxd4 56. cxd4 Rc4 57. Rd6 a3 58. Ra6 Rxd4 59. Rxa3 Rc4 60. Ra5 Kf5 61. Kf3 Rc3+ 62. Kf2 g5 63. c6+ Kg4 64. Ra4+ Kh3 65. Ra6 Rc2+ 66. Kf3 f5 67. c7 Rc3+ 68. Kf2 Rxc7 69. Ra5 Rc2+ 70. Kf1 Kg4 71. Rb5 Rc3 72. Kf2 Rf3+ 73. Kg2 Rxg3+ 74. Kf2 f4 75. Rc5 Ra3 76. Rb5 Ra2+ 77. Kf1 Kh4 78. Rf5 Ra4 79. Kg2 g4 80. Rf8 Ra2+ 81. Kf1 Kg3 0-1

[Event "FIDE World Rapid-ch Open 2018"]
[White "Ahmed Hassan Abdillahi"]
[Black "Al Thebaiti, Ahmed M"]
[Site "St. Petersburg"]
[Round "11.99"]
[Annotator "NA"]
[Result "0-1"]
[Date "2018.12.28"]
[WhiteElo "1570"]
[BlackElo "1976"]
[PlyCount "68"]
[TimeControl "900+10"]

1. d4 d5 2. c4 dxc4 3. Nc3 a6 4. a4 Nc6 5. e3 Na5 6. Nf3 Nf6 7. Be2 g6 8. Ne5 Be6 9. 0-0 Bg7 10. f4 0-0 11. Bd2 c6 12. Qc2 Qc7 13. Ne4 Bf5 14. Nxf6+ exf6 15. e4 fxe5 16. exf5 exd4 17. Bxc4 Nxc4 18. Qxc4 b5 19. axb5 axb5 20. Qd3 Rfe8 21. fxg6 hxg6 22. f5 Rxa1 23. Rxa1 Qd6 24. Rf1 Be5 25. h4 Kg7 26. Qf3 Rh8 27. Bg5 f6 28. fxg6 d3 29. Rd1 fxg5 30. Qf7+ Kh6 31. hxg5+ Kxg5 32. g7 Qd4+ 33. Qf2 Bxg7 34. g3 Rh1+ 0-1

[Event "FIDE World Rapid-ch Open 2018"]
[White "Alsulaymi, Abdullah M"]
[Black "khayat, Abdullah F"]
[Site "St. Petersburg"]
[Round "11.100"]
[Annotator "NA"]
[Result "0-1"]
[Date "2018.12.28"]
[WhiteElo "1833"]
[BlackElo "1723"]
[PlyCount "110"]
[TimeControl "900+10"]

1. e4 d5 2. exd5 Nf6 3. d4 Nxd5 4. Nf3 Bg4 5. Be2 e6 6. 0-0 Be7 7. c4 Nf6 8. Nc3 0-0 9. Be3 Bb4 10. Qb3 Bxc3 11. bxc3 b6 12. Bg5 h6 13. Bh4 Nbd7 14. Rae1 Rc8 15. h3 g5 16. Bg3 Bh5 17. Ne5 Bxe2 18. Rxe2 Nh5 19. Nc6 Qe8 20. Nxa7 Nxg3 21. fxg3 Ra8 22. Nb5 Qd8 23. Ref2 f5 24. c5 Rf6 25. c6 Nf8 26. Rxf5 Rxf5 27. Rxf5 Qe7 28. Rf2 Kg7 29. Re2 Qf7 30. Qb4 Ng6 31. d5 exd5 32. Nd4 Re8 33. Nf5+ Kh7 34. Rxe8 Qxe8 35. Qd4 Qf7 36. Ne3 Ne7 37. Qd3+ Kg8 38. Ng4 Kg7 39. Qd4+ Kh7 40. Ne5 Qf6 41. Qd3+ Kg7 42. Qd4 Kg8 43. a4 Qd6 44. c4 Nxc6 45. Nxc6 Qxc6 46. Qxd5+ Qxd5 47. cxd5 Kf7 48. Kf2 Kf6 49. Ke3 Ke5 50. g4 Kxd5 51. g3 c5 52. Kd3 c4+ 53. Kc3 Kc5 54. h4 Kd5 55. Kb4 Kd4 0-1